 Dungeon Crawl Stone Soup version 0.25.0-10-g039870ee82 (webtiles) character file.

Game seed: 758676893741274063

64 Kold the Insei (level 4, -4/28 HPs)
             Began as an Octopode Transmuter on June 23, 2020.
             Killed from afar by Natasha (6 damage)
             ... with a magic dart
             ... on level 2 of the Dungeon.
             The game lasted 00:02:21 (1524 turns).

Kold the Insei (Octopode Transmuter)                Turns: 1524, Time: 00:02:22

Health: -4/28      AC:  1    Str:  9    XL:     4   Next: 12%
Magic:  5/7        EV: 13    Int: 16    God:
Gold:   38         SH:  0    Dex: 12    Spells: 1/7 levels left

rFire    . . .     SeeInvis .     - Unarmed
rCold    . . .     Gourm    .   (no shield)
rNeg     . . .     Faith    .   (helmet restricted)
rPois    .         Spirit   .   (no amulet)
rElec    .         Reflect  .   (no ring)
rCorr    .         Harm     .   (no ring)
MR       .....                  (no ring)
Stlth    +++.......             (no ring)
HPRegen  0.09/turn              (no ring)
MPRegen  0.10/turn              (no ring)
                                (no ring)
                                (no ring)

@: slowed, very slow
A: almost no armour, stealthy swim, amphibious, 8 rings, constrict 8, camouflage
1, gelatinous body 1
a: no special abilities


You were on level 2 of the Dungeon.
You were not hungry.

You visited 1 branch of the dungeon, and saw 2 of its levels.

You collected 38 gold pieces.

Inventory:

Missiles
 a - 41 arrows
Scrolls
 g - a scroll of immolation {unknown}
 h - 2 scrolls of identify {unknown}
 k - 2 scrolls of enchant armour {unknown}
 l - a scroll of teleportation {unknown}
 n - a scroll of magic mapping {unknown}
Potions
 b - a potion of curing {unknown}
 d - a potion of stabbing {unknown}
 e - a potion of magic {unknown}
 f - 4 potions of might {unknown}
 i - a potion of flight {unknown}
 m - a potion of haste {unknown}
Comestibles
 c - 2 rations
 j - 2 chunks of flesh


   Skills:
 - Level 1.0 Fighting
 - Level 2.0 Dodging
 - Level 2.0 Stealth
 + Level 3.8 Unarmed Combat
 - Level 2.0 Spellcasting
 + Level 3.1 Transmutations


You had one spell level left.
You knew the following spells:

 Your Spells              Type           Power        Failure   Level  Hunger
a - Beastly Appendage     Tmut           ##....       6%          1    #......
b - Spider Form           Tmut/Pois      #.........   32%         3    ###....
c - Sticks to Snakes      Tmut           ##......     9%          2    ###....

Your spell library contained the following spells:

 Spells                   Type           Power        Failure   Level  Hunger
 Ice Form                 Ice/Tmut       #.......     73%         4    #####..
 Blade Hands              Tmut           ##........   85%         5    ######.


Dungeon Overview and Level Annotations

Branches:
Dungeon (2/15)

Altars:

Annotations:
D:2 Natasha


Innate Abilities, Weirdness & Mutations

You cannot wear most types of armour.
You are very stealthy in the water. (Stealth+)
You are amphibious.
You can wear up to eight rings at the same time.
You can use your tentacles to constrict eight enemies at once.
Your skin changes colour to match your surroundings (Stealth+).
Your rubbery body absorbs attacks. (AC +1, EV +1)


Message History

The goblin shoots a stone.
The stone closely misses you.
The goblin shoots a stone.
The stone hits you but does no damage.
You see here a stone.
Natasha, Servant of Life and Death comes into view.
The goblin unwields a +0 hunting sling.
The goblin wields a +0 club.
The goblin misses you.
You miss the goblin.
Natasha hisses angrily.
You grab the goblin. You constrict the goblin.
The goblin hits you with a +0 club.
* * * LOW HITPOINT WARNING * * *
You tentacle-slap the goblin but do no damage.
The goblin is severely wounded.
You constrict the goblin.
You kill the goblin!
Natasha stares at you and mumbles some strange words.
You feel yourself slow down. Natasha casts a spell at you.
The magic dart hits you.
You die...

................#
...............#
####.............####
#...................#
#........(..........#
#........(........... #
#....)(..............
#.#.....(.######>......
###.....@.†..##..........
......)..................
#.##.....................
#.....................
#..................##.
#.........##+#........
#......##h...#.....##.
#............#........
#............#.#.#####


You could see Natasha.

Vanquished Creatures
  Natasha (D:2)
  2 worms (D:2)
  2 leopard geckos
  3 giant cockroaches (D:2)
  5 goblins
  7 hobgoblins
  7 kobolds (D:1)
  A ball python (D:2)
  2 bats (D:1)
  3 frilled lizards (D:1)
  7 rats
40 creatures vanquished.

Notes
Turn   | Place    | Note
-------+----------+-------------------------------------------
     0 | D:1      | Kold the Octopode Transmuter began the quest for the Orb.
     0 | D:1      | Reached XP level 1. HP: 13/13 MP: 3/3
    66 | D:1      | Reached skill level 1 in Stealth
    68 | D:1      | Reached XP level 2. HP: 5/18 MP: 3/5
  1094 | D:2      | Reached XP level 3. HP: 23/23 MP: 6/6
  1492 | D:2      | Noticed Natasha
  1497 | D:2      | Learned a level 3 spell: Spider Form
  1500 | D:2      | Learned a level 2 spell: Sticks to Snakes
  1512 | D:2      | Killed Natasha
  1512 | D:2      | Reached XP level 4. HP: 11/28 MP: 4/7
  1521 | D:2      | Noticed Natasha
  1522 | D:2      | HP: 1/28 [goblin/+0 club (3)]
  1524 | D:2      | Killed from afar by Natasha

Illustrated notes

Levels and vault maps discovered:
D:1:      denvon_arrival_planthouse, layout_basic
D:2:      layout_basic, uniq_natasha

Skill      XL: |  1  2  3 |
---------------+----------+-----
Stealth        | 1 2 |  2.0
Transmutations | 3 |  3.1
Fighting       | |  1.0
Dodging        | |  2.0
Unarmed Combat | |  3.8
Spellcasting   | |  2.0

Action                   |  1- 3 |  4- 6 || total
-------------------------+-------+-------++-------
Melee: Unarmed           |    74 |     7 ||    81
       Constrict         |    27 |     3 ||    30
       Kick              |    16 |       ||    16
       Tentacles         |    13 |     1 ||    14
       Punch             |     1 |       ||     1
 Cast: Beastly Appendage |    12 |       ||    12
       Sticks to Snakes  |     1 |       ||     1
 Stab: Sleeping          |     6 |       ||     6
  Eat: Chunk             |     2 |       ||     2
Armor: Skin              |     4 |       ||     4
Dodge: Dodged            |    47 |     7 ||    54
